 Dungeon Crawl Stone Soup version 0.30-a0-135-g630cfc4551 (webtiles) character file.

Game seed: 18071554361678658503

1519 enile the Gusty (level 8, 0/49 HPs)
             Began as a Tengu Conjurer on Sept 21, 2022.
             Was a Believer of Nemelex Xobeh.
             Slain by a black bear (4 damage)
             ... on level 6 of the Dungeon.
             The game lasted 00:09:16 (7942 turns).

enile the Gusty (Tengu Conjurer)                    Turns: 7942, Time: 00:09:17

Health: 0/49       AC:  4    Str:  7    XL:     8   Next: 84%
Magic:  9/18       EV: 16    Int: 20    God:    Nemelex Xobeh [**....]
Gold:   303        SH:  0    Dex: 14    Spells: 16/19 levels left

rFire   + . .      SeeInvis .    x - +2 dagger (speed)
rCold   + . .      Faith    .    (no shield)
rNeg    . . .      Spirit   .    m - +2 robe {rC+ rF+}
rPois   .          Reflect  .    (helmet restricted)
rElec   .          Harm     .    (no cloak)
rCorr   .          Rampage  .    (no gloves)
Will    .....                    (boots unavailable)
Stlth   ++........               l - amulet of the acrobat
HPRegen 0.16/turn                (no ring)
MPRegen 0.16/turn                (no ring)

@: flying quickly and evasively, very slightly contaminated, quick
A: beak, talons 3, nimble flight
a: Renounce Religion, Draw Escape, Draw Destruction, Draw Summoning


You were on level 6 of the Dungeon.
You worshipped Nemelex Xobeh.
Nemelex Xobeh was pleased with you.
You visited 1 branch of the dungeon, and saw 6 of its levels.

You collected 303 gold pieces.

Inventory:

Hand Weapons
 w - a +2 trident of protection
 x - a +2 dagger of speed (weapon)
 I - a +2 hand axe of electrocution
Missiles
 k - 15 poisoned darts
 A - a throwing net (quivered)
Armour
 a - a +0 robe
 m - a +2 robe of resistance (worn)
Jewellery
 l - an amulet of the acrobat (around neck)
 n - an amulet of faith
 B - a +6 ring of strength
 E - a ring of resist corrosion
Wands
 C - a wand of mindburst (16)
 F - a wand of roots (5)
 G - a wand of quicksilver (9)
Scrolls
 b - a scroll of immolation
 c - 4 scrolls of teleportation
 d - 2 scrolls of magic mapping {unknown}
 f - a scroll of poison
 h - a scroll of enchant armour
 o - a scroll of torment {unknown}
 p - 3 scrolls of vulnerability {unknown}
 s - 2 scrolls of fog {unknown}
 u - 2 scrolls of blinking {unknown}
 y - a scroll of noise {unknown}
 J - a scroll of identify
Potions
 e - 2 potions of flight
 g - a potion of curing
 i - 3 potions of brilliance
 j - 3 potions of haste {unknown}
 q - a potion of mutation {unknown}
 r - 3 potions of heal wounds {unknown}
 t - a potion of lignification {unknown}
 v - a potion of ambrosia {unknown}
 z - 2 potions of resistance {unknown}
 D - a potion of magic
 H - a potion of attraction


   Skills:
 - Level 5.0 Fighting
 - Level 2.0 Short Blades
 - Level 4.0 Dodging
 - Level 2.0 Stealth
 - Level 6.0 Spellcasting
 + Level 6.1 Conjurations
 - Level 7.0 Air Magic


You had 16 spell levels left.
You knew the following spells:

 Your Spells              Type           Power      Damage    Failure   Level
a - Magic Dart            Conj           100%       1d8       1%          1
b - Static Discharge      Conj/Air       64%        2-5/arc   1%          2

Your spell library contained the following spells:

 Spells                   Type           Power      Damage    Failure   Level
 Searing Ray              Conj           60%        2d6       1%          2
 Dazzling Flash           Conj/Hex       36%        N/A       9%          3
 Arcjolt                  Conj/Air       16%        1d26      21%         5
 Lightning Bolt           Conj/Air       16%        1d30      21%         5
 Ozocubu's Armour         Ice            6%         N/A       30%         3
 Fulminant Prism          Conj/Hex       9%         3d7       30%         4
 Iskenderun's Mystic Bla  Conj/Tloc      18%        2d6       30%         4
 Metabolic Englaciation   Hex/Ice        3%         N/A       96%         5
 Simulacrum               Ice/Necr       3%         N/A       100%        6
 Maxwell's Capacitive Co  Air            17%        ∞         100%        8


Dungeon Overview and Level Annotations

Branches:
Dungeon (6/15)
 Temple: D:4-7

Altars:
Fedhas
Hepliaklqana
Nemelex Xobeh
Qazlal
Ru
Sif Muna
Uskayaw
Xom
Yredelemnul
Zin

Shops:
D:2 *

Annotations:
D:3 1 runed translucent door, exclusion: oklob plant


Innate Abilities, Weirdness & Mutations

You have a beak for a mouth.
You have claws for feet.
Your magical nature lets you fly swiftly and evasively.


Message History

The bullfrog is struck by an arc of lightning.
The bullfrog is severely wounded.
The lightning grounds out.
The black bear closely misses you.
The black bear claws you. x2; The bullfrog misses you.
The black bear bites you.
The black bear claws you but does no damage.
The black bear claws you. The bullfrog completely misses you.
The black bear misses you. The black bear completely misses you.
The black bear claws you but does no damage.
The bullfrog hits you but does no damage.
The bullfrog attacks as you move away! The bullfrog barely misses you.
The black bear bites you.
* * * LOW HITPOINT WARNING * * *
The black bear closely misses you. The black bear barely misses you.
Casting: Static Discharge (safe; 1% risk of failure)
Confirm with . or Enter, or press ? or * to list all spells.
You miscast Static Discharge.
You are very lightly contaminated with residual magic.
Nothing appears to happen.
The black bear closely misses you. The black bear claws you.
* * * LOW HITPOINT WARNING * * *
The black bear claws you.
* * * LOW HITPOINT WARNING * * *
Okay, then.
Okay, then.
Throw: 2 throwing nets
Press: ? - help, Q - select action, (/) - cycle Shift-Dir - straight line, f/p - black bear
Aim: a black bear (almost dead, berserk, 68% to hit)
You throw a throwing net.
The throwing net barely misses the black bear.
The throwing net hits the bullfrog.
The bullfrog is caught in the net!
The bullfrog is severely wounded.
The bullfrog struggles against the net.
The black bear misses you.
The black bear claws you but does no damage.
The black bear claws you.
* * * LOW HITPOINT WARNING * * *
The bullfrog struggles against the net.
The black bear closely misses you. The black bear completely misses you.
The black bear claws you.
You die...
Your body disappears without a glow.

...................####.####
# ..#######.......## ##.....
... ..#.$...#...#####
##...... .....
..#...$.#.#.## ###..#....
..... ..#.(_.$#.#..#
##...###### .....
..#....$#.##.###>.### .....
..#.....#.##.##..## .....
..###+###.##.#..##
.......Fh@.....##
........####...#
...$.[..........#
..........#####...#
........... .#.#
............ ..<.#
............# ##...#
............. ....


You could see a black bear (berserk) and a bullfrog (caught).

Vanquished Creatures
  2 water moccasins
  A sky beast (D:4)
  An ogre (D:4)
  2 phantoms
  2 scorpions
  A human zombie (D:3)
  A quasit (D:4)
  5 jellies
  3 orc priests
  3 iguanas
  3 orc wizards
  Natasha (thrice) (D:2)
  6 adders
  2 shadow imps
  A white imp (D:4)
  4 ufetubi
  4 worms
  5 dart slugs
  17 orcs
  5 bats
  8 endoplasms
  5 giant cockroaches
  10 goblins
  8 hobgoblins
  4 jackals (D:2)
  7 quokkas
  10 ball pythons
  4 frilled lizards
  A goblin skeleton (D:3)
  13 kobolds
  5 rats
146 creatures vanquished.

Vanquished Creatures (collateral kills)
  A black bear (D:4)
  An orc (D:4)
  A hobgoblin (D:4)
3 creatures vanquished.

Vanquished Creatures (others)
  A demonic plant (D:4)
  3 fungi (D:2)
  2 plants
6 creatures vanquished.

Grand Total: 155 creatures vanquished

Notes
Turn   | Place    | Note
-------+----------+-------------------------------------------
     0 | D:1      | enile the Tengu Conjurer began the quest for the Orb.
     0 | D:1      | Reached XP level 1. HP: 10/10 MP: 4/4
   117 | D:1      | Reached skill level 1 in Fighting
   264 | D:1      | Reached XP level 2. HP: 16/16 MP: 3/6
   802 | D:1      | Reached XP level 3. HP: 21/21 MP: 4/7
  1439 | D:2      | Noticed Natasha
  1444 | D:2      | Killed Natasha
  1445 | D:2      | Reached XP level 4. HP: 26/26 MP: 7/9
  1447 | D:2      | Noticed Natasha
  1448 | D:2      | Learned a level 2 spell: Static Discharge
  1465 | D:2      | Killed Natasha
  1466 | D:2      | Reached skill level 1 in Air Magic
  1478 | D:2      | Reached skill level 2 in Air Magic
  1844 | D:2      | Found Ceeg Egg's Assorted Antiques.
  1885 | D:2      | Noticed Natasha
  1900 | D:2      | Killed Natasha
  1901 | D:2      | Reached skill level 3 in Air Magic
  1901 | D:2      | Gained mutation: Your magical nature lets you fly swiftly
                  | and evasively. [Tengu growth]
  1901 | D:2      | Reached XP level 5. HP: 19/30 MP: 0/10
  2487 | D:2      | Found a faded altar of an unknown god.
  2920 | D:2      | Prayed at the altar of an unknown god.
  2920 | D:2      | Became a worshipper of Nemelex Xobeh the Trickster
  2920 | D:2      | Reached * piety under Nemelex Xobeh
  3409 | D:3      | Reached XP level 6. HP: 21/37 MP: 1/12
  3670 | D:3      | Found a runed translucent door.
  3670 | D:3      | Noticed a human
  3673 | D:3      | Found a basalt altar of Yredelemnul.
  3924 | D:3      | Found a hazy altar of Hepliaklqana.
  3925 | D:3      | Found a shimmering altar of Xom.
  3926 | D:3      | Noticed a spectral ugly thing
  4029 | D:3      | Found a blossoming altar of Fedhas.
  4041 | D:3      | Noticed an oklob plant
  4053 | D:3      | Received a gift from Nemelex Xobeh
  5066 | D:4      | Reached skill level 5 in Spellcasting
  5071 | D:4      | Reached XP level 7. HP: 26/41 MP: 3/15
  5991 | D:4      | Reached skill level 5 in Fighting
  5991 | D:4      | Reached XP level 8. HP: 39/49 MP: 7/16
  6230 | D:4      | Found a shimmering blue altar of Sif Muna.
  6230 | D:4      | Found a stormy altar of Qazlal.
  6255 | D:4      | Reached skill level 4 in Air Magic
  6463 | D:4      | Reached skill level 5 in Air Magic
  6482 | D:4      | Found a hide-covered altar of Uskayaw.
  6576 | D:5      | Entered Level 5 of the Dungeon
  6640 | D:5      | Reached ** piety under Nemelex Xobeh
  6897 | D:5      | Reached skill level 6 in Air Magic
  7111 | D:5      | Reached skill level 7 in Air Magic
  7407 | D:6      | Found a glowing silver altar of Zin.
  7675 | D:6      | Received a gift from Nemelex Xobeh
  7771 | D:6      | Found a sacrificial altar of Ru.
  7942 | D:6      | Slain by a black bear

Illustrated notes

Levels and vault maps discovered:
D:1:      reono_arrival_forest_river, layout_loops_corners
D:2:      minmay_door_path, layout_rooms,
          shapermc_ecumenical_altar_mp_urbaneastern, serial_shops, shop,
          minmay_goblin_kobold_house, uniq_natasha
D:3:      minmay_chambers_of_threes, layout_rooms, tgw_fedhas,
          dk_yredelemnul_ordeal, regret_index_temple_of_mockery,
          serial_corexii_hall, chequers_hall_statues_wall_a,
          corexii_hall_statues_s
D:4:      layout_cave_pools, gammafunk_temple_overflow_wave,
          mainiacjoe_overflow_brackets, serial_demonic, serial_demonic_d,
          serial_demonic_g, serial_demonic_f, serial_demonic_g, minmay_puff
D:5:      layout_rooms, grunt_ministairs_11, grunt_decor_fettered
D:6:      layout_rooms, amcnicky_altar_gilded, nicolae_overflow_crystal_walls,
          nicolae_stop_n_shop_2

Skill      XL: |  1  2  3  4  5  6  7  8 |
---------------+-------------------------+-----
Fighting       | 1 2 3 5 |  5.0
Spellcasting   | 3 5 6 |  6.0
Conjurations   | 6 |  6.1
Air Magic      | 3 7 |  7.0
Dodging        | 4 |  4.0
Short Blades   | 2 |  2.0
Stealth        | |  2.0

Action                   |  1- 3 |  4- 6 |  7- 9 || total
-------------------------+-------+-------+-------++-------
Melee: Unarmed           |       |    31 |       ||    31
       Kick              |       |    22 |    21 ||    43
       Peck              |       |     8 |    14 ||    22
       Punch             |       |     3 |     1 ||     4
       Trident           |       |     9 |     2 ||    11
       Dagger            |       |       |    70 ||    70
Throw: Throwing net      |       |       |     1 ||     1
 Cast: Magic Dart        |    66 |   116 |    61 ||   243
       Static Discharge  |       |    35 |    33 ||    68
Invok: Draw Destruction  |       |       |     4 ||     4
       Draw Escape       |       |       |     1 ||     1
       Draw Summoning    |       |       |     1 ||     1
  Use: Potion            |     1 |     3 |     1 ||     5
       Scroll            |       |     4 |     2 ||     6
 Stab: Sleeping          |       |       |     2 ||     2
Armor: Robe              |       |    11 |    26 ||    37
Dodge: Dodged            |     1 |    95 |    98 ||   194

Table legend: (Time is in decaauts)
 A = Elapsed time spent in this place.
 B = Non-inter-level travel time spent in this place.
 C = Inter-level travel time spent in this place.
 D = Time resting spent in this place.
 E = Time spent auto-exploring this place.
 F = Levels seen in this place.
 G = Mean time per level.
                   A        B        C        D        E       F      G
               +--------+--------+--------+--------+--------+-----+--------+
         Total |   7694 |   7490 |    204 |    932 |   5629 |   6 | 1282.3 |
       Dungeon |   7694 |   7490 |    204 |    932 |   5629 |   6 | 1282.3 |
               +--------+--------+--------+--------+--------+-----+--------+

Top non-repeatable levels by time:
     D:1: 1662 daAuts
     D:3: 1611 daAuts
     D:4: 1580 daAuts
     D:2: 1539 daAuts
     D:5: 767 daAuts
     D:6: 534 daAuts
